 Dungeon Crawl Stone Soup version 0.18.1-50-g88ac8fd (webtiles) character file.

2 Amnesiac the Charlatan (level 1, 0/11 HPs)
             Began as a Deep Elf Artificer on Feb 27, 2018.
             Slain by an adder (5 damage)
             ... on level 2 of the Dungeon.
             The game lasted 00:01:10 (364 turns).

Amnesiac the Charlatan (Deep Elf Artificer)          Turns: 364, Time: 00:01:11

Health: 0/11       AC:  3    Str:  8    XL:     1   Next: 25%
Magic:  5/5        EV: 12    Int: 16    God:
Gold:   0          SH:  0    Dex: 15    Spells: 0 memorised, 0 levels left

rFire  . . .     SeeInvis .     h - +2 short sword (freeze)
rCold  . . .     Gourm    .     b - +0 leather armour
rNeg   . . .     Faith    .     (no shield)
rPois  .         Spirit   .     (no helmet)
rElec  .         Dismiss  +     (no cloak)
rCorr  .         Reflect  .     (no gloves)
SustAt .         Harm     .     (no boots)
MR     .....                    g - amulet of dismissal
Stlth  ++........               (no ring)
                                (no ring)

@: not resistant to hostile enchantments, unstealthy
A: no striking features
a: no special abilities


You were on level 2 of the Dungeon.
You were not hungry.

You visited 1 branch of the dungeon, and saw 2 of its levels.

Inventory:

Hand Weapons
 h - a +2 short sword of freezing (weapon)
Armour
 b - a +0 leather armour (worn)
Jewellery
 g - an amulet of dismissal (around neck)
Wands
 c - a wand of flame (15/48)
 d - a wand of enslavement (15/24)
 e - a wand of random effects (15/48)
Potions
 a - a potion of curing {!q, unknown}
Comestibles
 f - a bread ration


   Skills:
 - Level 0.7 Fighting
 - Level 1.0 Short Blades
 - Level 2.4 Dodging
 - Level 1.2 Stealth
 + Level 3.4 Evocations


You couldn't memorise any spells.
You didn't know any spells.

Dungeon Overview and Level Annotations

Branches:
Dungeon (2/15)

Altars:


Message History

A giant newt comes into view.
A giant newt is nearby!
A giant newt is nearby!
Found a viscous green potion.
You miss the giant newt. The giant newt barely misses you.
You puncture the giant newt!
The giant newt seems to slow down.
You freeze the giant newt.
You kill the giant newt!
No target in view!
a - a viscous green potion {!q} A kobold comes into view.
It is wielding a club.
The kobold shouts!
A giant gecko comes into view.
There are monsters nearby!
There are monsters nearby!
Found a stone staircase leading down.
A goblin comes into view.
The goblin shouts!
The goblin barely misses you.
There is a stone staircase leading down here.
The goblin hits you.
You climb downwards.
There is a stone staircase leading up here.
The goblin misses you.
An adder comes into view.
The adder bites you. The adder bites you.
Your amulet of dismissal vibrates suddenly!
You are poisoned.
The adder poisons you!
The adder disappears!
You don't know any spells.
Unknown command.
Unknown command.
You swing at nothing.
You feel sick.
You hit the goblin. You freeze the goblin.
You kill the goblin!
You feel sick.
There is a stone staircase leading up here.
You start resting.
You feel sick. x2
You are no longer poisoned.
You start resting.
HP restored.
You see here a goblin skeleton.
Found a stone staircase leading down.
You open the door.
There is an open door here.
There is a stone staircase leading down here.
You open the door.
There is an open door here.
You open the door.
There is an open door here.
You open the door.
There is an open door here.
Found an escape hatch in the floor and an escape hatch in the ceiling.
You open the door.
There is an open door here.
An adder comes into view.
Put on which piece of jewellery? (? for menu, Esc to quit)
Okay, then.
You closely miss the adder. The adder bites you.
* * * LOW HITPOINT WARNING * * *
The adder closely misses you. The adder bites you.
You die...

.......>##.#
#########
........##.#
.....<..##.#
........##.#
........##.#####
........##.....#
#.....# #.....#
#@..!.# #S....#
#.#......
#.#.......
#.#.......
#.#.......
#.#....... #.#
....


You could see an adder.

Vanquished Creatures
  A goblin (D:2)
  A giant newt (D:1)
2 creatures vanquished.

Notes
Turn   | Place    | Note
--------------------------------------------------------------
     0 | D:1      | Amnesiac the Deep Elf Artificer began the quest for the Orb.
     0 | D:1      | Reached XP level 1. HP: 11/11 MP: 5/5
   364 | D:2      | Slain by an adder

Action                   || total
-------------------------++-------
Melee: Short sword       ||     4
Dodge: Dodged            ||     4
